 Dungeon Crawl Stone Soup version 0.23.2-30-g0e89c35649 (webtiles) character file.

Game seed: 11488874860142305693

11 redwoodhats the Charmwright (level 2, 0/26 HPs)
             Began as a Naga Skald on June 9, 2019.
             Slain by a giant cockroach (1 damage)
             ... on level 1 of the Dungeon.
             The game lasted 00:01:15 (208 turns).

redwoodhats the Charmwright (Naga Skald)             Turns: 208, Time: 00:01:16

Health: 0/26       AC:  2    Str: 13    XL:     2   Next: 29%
Magic:  1/5        EV:  9    Int: 18    God:
Gold:   39         SH:  0    Dex: 10    Spells: 4/5 levels left

rFire    . . .     SeeInvis +   a - +0 falchion
rCold    . . .     Gourm    .   (no shield)
rNeg     . . .     Faith    .   b - +0 leather armour
rPois    +         Spirit   .   (no helmet)
rElec    .         Reflect  .   (no cloak)
rCorr    .         Harm     .   (no gloves)
MR       .....                  (no barding)
Stlth    +.........             (no amulet)
HPRegen  0.08/turn              (no ring)
MPRegen  0.09/turn              (no ring)

@: brilliant, very slow
A: large, see invisible, deformed body, poison resistance, slowness 2, slow
metabolism 1, spit poison 1, AC +0
a: Spit Poison


You were on level 1 of the Dungeon.
You were not hungry.

You visited 1 branch of the dungeon, and saw 1 of its levels.

You collected 39 gold pieces.

Inventory:

Hand Weapons
 a - a +0 falchion (weapon)
Armour
 b - a +0 leather armour (worn)
Scrolls
 c - a scroll of identify {unknown}
 e - a scroll of magic mapping {unknown}
Comestibles
 d - a ration


   Skills:
 + Level 2.0 Fighting
 + Level 2.0 Long Blades
 + Level 1.1 Armour
 + Level 1.7 Dodging
 + Level 2.0 Spellcasting
 + Level 3.3 Charms


You had 4 spell levels left.
You knew the following spells:

 Your Spells              Type           Power        Failure   Level  Hunger
a - Infusion              Chrm           ###.         1%          1    #......

Your spell library contained the following spells:

 Spells                   Type           Power        Failure   Level  Hunger
 Song of Slaying          Chrm           ###.....     1%          2    ###....
 Shroud of Golubria       Chrm/Tloc      ###.......   2%          2    ###....
 Regeneration             Chrm/Necr      ###.......   4%          3    ###....
 Spectral Weapon          Hex/Chrm       ###.....     4%          3    ###....


Dungeon Overview and Level Annotations

Branches:
Dungeon (1/15)

Altars:


Innate Abilities, Weirdness & Mutations

You cannot wear boots.
Your serpentine skin is tough. (AC +0)
You have supernaturally acute eyesight. (SInv)
Armour fits poorly on your strangely shaped body.
Your system is resistant to poisons. (rPois)
You cover ground very slowly.
You have a slow metabolism.
You can spit poison.


Message History

The giant cockroach bites you but does no damage.
You closely miss the giant cockroach.
The giant cockroach is heavily wounded.
The giant cockroach bites you.
* * * LOW HITPOINT WARNING * * *
The giant cockroach barely misses you.
You riposte.
You completely miss the giant cockroach.
The giant cockroach is heavily wounded.
You see here a stone.
The giant cockroach closely misses you.
The giant cockroach bites you but does no damage.
You are no longer magically infusing your attacks.
The giant cockroach barely misses you.
You riposte.
You closely miss the giant cockroach.
The giant cockroach is heavily wounded.
You see here a green potion.
The ooze jiggles.
The giant cockroach bites you but does no damage.
The giant cockroach bites you.
You die...

##### ......
#.##.# .# #@##.#
##. #s##.# ..
##J##.##.#
#..#...#.##
#.#.....#.#
#..$.....#
#....(...#
#.####......).#
#...........)#.#


You could see an ooze and a giant cockroach.

Vanquished Creatures
  A dart slug (D:1)
  A bat (D:1)
  A goblin (D:1)
  A hobgoblin (D:1)
  2 kobolds (D:1)
  2 frilled lizards (D:1)
  2 rats (D:1)
10 creatures vanquished.

Notes
Turn   | Place    | Note
-------+----------+-------------------------------------------
     0 | D:1      | redwoodhats the Naga Skald began the quest for the Orb.
     0 | D:1      | Reached XP level 1. HP: 19/19 MP: 3/3
   180 | D:1      | Reached skill level 1 in Armour
   180 | D:1      | Reached XP level 2. HP: 22/26 MP: 5/5
   201 | D:1      | HP: 1/26 [giant cockroach (2)]
   208 | D:1      | Slain by a giant cockroach

Skill      XL: |  1 |
---------------+----+-----
Armour         | 1 |  1.1
Fighting       | |  2.0
Long Blades    | |  2.0
Dodging        | |  1.7
Spellcasting   | |  2.0
Charms         | |  3.3

Action                   || total
-------------------------++-------
Melee: Falchion          ||    30
 Cast: Infusion          ||     1
  Use: Potion            ||     1
Armor: Leather armour    ||    16
Dodge: Dodged            ||    30
       Rpst.: Falchion   ||    13
